TOP OF THE 1ST |
Pittsburgh Pirates batting - Pitching for New York Mets : RHP Nolan Ryan
|
Pitching: RHP Nolan Ryan
|
|
Batting: RHB Dan Gladden
|
0-0: Bunted foul 0-1: Fly out, F9 (Flyball, 89D, EV 98.8 MPH)
|
Batting: RHB Mike C Brown
|
0-0: Called Strike 0-1: Ball 1-1: Foul Ball, location: 2F 1-2: Ground out 1-3 (Groundball, 13S, EV 67.5 MPH)
|
Batting: RHB Rennie Stennett
|
0-0: SOLO HOME RUN (Flyball, 9LD, EV 91.3 MPH), Distance : 352 ft
|
Batting: LHB Robert Lopez
|
0-0: Ball 1-0: Ball 2-0: Ball 3-0: Fly out, F8 (Flyball, 8LD, EV 88.8 MPH)
|
Top of the 1st over - 1 run, 1 hit, 0 errors, 0 left on base; Pittsburgh 1 - New York 0 |
BOTTOM OF THE 1ST |
New York Mets batting - Pitching for Pittsburgh Pirates : RHP Rafael Santana
|
Pitching: RHP Rafael Santana
|
|
Batting: LHB Lyman Bostock
|
0-0: Ball 1-0: Called Strike 1-1: Called Strike 1-2: Foul Ball, location: 2F 1-2: Ball 2-2: Ball 3-2: Foul Ball, location: 2F 3-2: Base on Balls
|
Batting: RHB Ray Knight
|
0-0: Ball 1-0: Ball 2-0: Ball 3-0: Called Strike 3-1: Swinging Strike 3-2: Fly out, F8 (Flyball, 8RD, EV 93.1 MPH)
|
Batting: LHB John Kruk
|
0-0: Ball Lyman Bostock steals 2nd base (no throw) 1-0: Swinging Strike 1-1: Ball 2-1: Foul Ball, location: 2F 2-2: SINGLE (Line Drive, 78S, EV 103.8 MPH) Lyman Bostock to third Runner from 3rd tries for Home, SAFE, throw by CF to home
|
Batting: SHB Ken Singleton
|
0-0: Ball 1-0: Foul Ball, location: 2F 1-1: Ball 2-1: Called Strike 2-2: SINGLE (Line Drive, 78S, EV 100.6 MPH) John Kruk to second
|
Batting: RHB Garry Maddox
|
0-0: Grounds into double play, 5-4-3 (Groundball, 5, EV 98.8 MPH)
|
Bottom of the 1st over - 1 run, 2 hits, 0 errors, 1 left on base; Pittsburgh 1 - New York 1 |
TOP OF THE 2ND |
Pittsburgh Pirates batting - Pitching for New York Mets : RHP Nolan Ryan
|
Batting: LHB Greg Walker
|
0-0: Ball 1-0: Ball 2-0: Ball 3-0: Base on Balls
|
Batting: SHB John Shelby
|
0-0: Ball 1-0: Ball 2-0: Swinging Strike 2-1: Foul Ball, location: 2F 2-2: Ball 3-2: Foul Ball, location: 2F 3-2: Strikes out swinging
|
Batting: SHB Ron Oester
|
0-0: Called Strike 0-1: Ball 1-1: Foul Ball, location: 2F 1-2: Strikes out swinging
|
Batting: RHB Rafael Santana
|
0-0: Ball 1-0: Called Strike 1-1: Ball 2-1: Foul Ball, location: 2F 2-2: Foul Ball, location: 2F 2-2: SINGLE (Groundball, 56D, EV 109.4 MPH) Greg Walker to second
|
Batting: RHB Frank Hunsaker
|
0-0: Ball 1-0: Ball 2-0: Called Strike 2-1: Ground out U3 (Groundball, 34, EV 82.5 MPH)
|
Top of the 2nd over - 0 runs, 1 hit, 0 errors, 2 left on base; Pittsburgh 1 - New York 1 |
BOTTOM OF THE 2ND |
New York Mets batting - Pitching for Pittsburgh Pirates : RHP Rafael Santana
|
Batting: RHB Rick Burleson
|
0-0: Ground out 3-1 (Groundball, 13, EV 84.4 MPH)
|
Batting: RHB Bill Almon
|
0-0: Ball 1-0: Reached on error, E3 (Groundball, 34, EV 86.3 MPH)
|
Batting: LHB Terry Kennedy
|
0-0: Ball 1-0: Ball 2-0: Called Strike 2-1: Foul Ball, location: 2F 2-2: Foul Ball, location: 2F 2-2: Ball Bill Almon steals 2nd, throwing error, E2 Bill Almon to third 3-2: Strikes out swinging
|
Batting: RHB Nolan Ryan
|
0-0: Called Strike 0-1: Ball 1-1: Called Strike 1-2: Ball 2-2: Foul Ball, location: 2F 2-2: Strikes out swinging
|
Bottom of the 2nd over - 0 runs, 0 hits, 2 errors, 1 left on base; Pittsburgh 1 - New York 1 |
TOP OF THE 3RD |
Pittsburgh Pirates batting - Pitching for New York Mets : RHP Nolan Ryan
|
Batting: RHB Dan Gladden
|
0-0: Ball 1-0: Ball 2-0: Reached via error on a dropped throw from 1B, E1 (Groundball, 34S, EV 86.3 MPH)
|
Batting: RHB Mike C Brown
|
0-0: Ball 1-0: Ball 2-0: Fielders Choice at 2nd, 6-4 (Groundball, 6M, EV 79.4 MPH)
|
Batting: RHB Rennie Stennett
|
0-0: Ball Mike C Brown steals 2nd base 1-0: Called Strike 1-1: Fly out, F9 (Flyball, 9, EV 88.8 MPH)
|
Batting: LHB Robert Lopez
|
0-0: Ball 1-0: Called Strike 1-1: Foul Ball, location: 2F 1-2: Fly out, F8 (Flyball, 8LXD, EV 97.5 MPH)
|
Top of the 3rd over - 0 runs, 0 hits, 1 error, 1 left on base; Pittsburgh 1 - New York 1 |
BOTTOM OF THE 3RD |
New York Mets batting - Pitching for Pittsburgh Pirates : RHP Rafael Santana
|
Batting: LHB Lyman Bostock
|
0-0: Swinging Strike 0-1: Foul Ball, location: 2F 0-2: Strikes out looking
|
Batting: RHB Ray Knight
|
0-0: Ball 1-0: Foul Ball, location: 2F 1-1: Ground out 5-3 (Groundball, 5, EV 113.8 MPH)
|
Batting: LHB John Kruk
|
0-0: Ball 1-0: Foul Ball, location: 2F 1-1: Ball 2-1: Ball 3-1: Called Strike 3-2: Base on Balls
|
Batting: SHB Ken Singleton
|
0-0: Called Strike 0-1: Ball 1-1: Ball 2-1: Called Strike 2-2: Foul Ball, location: 2F 2-2: Ball 3-2: Strikes out swinging
|
Bottom of the 3rd over - 0 runs, 0 hits, 0 errors, 1 left on base; Pittsburgh 1 - New York 1 |
TOP OF THE 4TH |
Pittsburgh Pirates batting - Pitching for New York Mets : RHP Nolan Ryan
|
Batting: LHB Greg Walker
|
0-0: Ball 1-0: Ball 2-0: Ball 3-0: Base on Balls
|
Batting: SHB John Shelby
|
0-0: Called Strike 0-1: Fielders Choice at 2nd, 5-4 (Groundball, 5L, EV 103.1 MPH)
|
Batting: SHB Ron Oester
|
0-0: Ball 1-0: Called Strike 1-1: Ball 2-1: Called Strike 2-2: Ball 3-2: Foul Ball, location: 2F 3-2: Fly out, F8 (Flyball, 8LM, EV 90.6 MPH)
|
Batting: RHB Rafael Santana
|
0-0: Ball 1-0: Called Strike 1-1: Ball 2-1: Foul Ball, location: 2F 2-2: Fly out, F5 (Line Drive, 5, EV 61.9 MPH)
|
Top of the 4th over - 0 runs, 0 hits, 0 errors, 1 left on base; Pittsburgh 1 - New York 1 |
BOTTOM OF THE 4TH |
New York Mets batting - Pitching for Pittsburgh Pirates : RHP Rafael Santana
|
Batting: RHB Garry Maddox
|
0-0: Ball 1-0: Called Strike 1-1: Ball 2-1: Swinging Strike 2-2: Foul Ball, location: 2F 2-2: Ground out U3 (Groundball, 34S, EV 85.0 MPH)
|
Batting: RHB Rick Burleson
|
0-0: SINGLE (Groundball, 25, EV 69.4 MPH) (infield hit)
|
Batting: RHB Bill Almon
|
0-0: Fly out, F7 (Line Drive, 7D, EV 87.5 MPH)
|
Batting: LHB Terry Kennedy
|
0-0: Foul Ball, location: 2F 0-1: 2-RUN HOME RUN (Flyball, 9D, EV 108.1 MPH), Distance : 372 ft
|
Batting: RHB Nolan Ryan
|
0-0: Foul Ball, location: 2F 0-1: Ball 1-1: Ball 2-1: Swinging Strike 2-2: Strikes out looking
|
Bottom of the 4th over - 2 runs, 2 hits, 0 errors, 0 left on base; Pittsburgh 1 - New York 3 |
TOP OF THE 5TH |
Pittsburgh Pirates batting - Pitching for New York Mets : RHP Nolan Ryan
|
Batting: RHB Frank Hunsaker
|
0-0: Called Strike 0-1: Swinging Strike 0-2: Ball 1-2: SINGLE (Line Drive, 4M, EV 103.1 MPH)
|
Batting: RHB Dan Gladden
|
0-0: Called Strike 0-1: Ball 1-1: Fly out, F6 (Flyball, 56D, EV 71.9 MPH)
|
Batting: RHB Mike C Brown
|
0-0: Ball 1-0: Fielders Choice at 2nd, 4-6 (Groundball, 4MD, EV 88.8 MPH)
|
Batting: RHB Rennie Stennett
|
0-0: Ball 1-0: Ball 2-0: Reached on error, E4 (Groundball, 34, EV 104.4 MPH) Mike C Brown to second
|
Batting: LHB Robert Lopez
|
0-0: Ball 1-0: Ground out U3 (Groundball, 34, EV 85.6 MPH)
|
Top of the 5th over - 0 runs, 1 hit, 1 error, 2 left on base; Pittsburgh 1 - New York 3 |
BOTTOM OF THE 5TH |
New York Mets batting - Pitching for Pittsburgh Pirates : RHP Rafael Santana
|
Batting: LHB Lyman Bostock
|
0-0: Foul Ball, location: 2F 0-1: Foul Ball, location: 2F 0-2: Ground out 5-3 (Groundball, 5, EV 78.1 MPH)
|
Batting: RHB Ray Knight
|
0-0: Called Strike 0-1: Swinging Strike 0-2: Ball 1-2: Foul Ball, location: 2F 1-2: Foul Ball, location: 2F 1-2: Foul Ball, location: 2F 1-2: Ball 2-2: Foul Ball, location: 2F 2-2: SINGLE (Groundball, 56D, EV 104.4 MPH) (infield hit)
|
Batting: LHB John Kruk
|
0-0: Ball 1-0: Called Strike 1-1: DOUBLE (Line Drive, 89D, EV 105.0 MPH) Ray Knight to third Runner from 3rd tries for Home, SAFE, no throw by RF
|
Batting: SHB Ken Singleton
|
0-0: Ball 1-0: Ball John Kruk is caught stealing 3rd base 2-5 2-0: Ground out 1-3 (Groundball, 34S, EV 70.0 MPH)
|
Bottom of the 5th over - 1 run, 2 hits, 0 errors, 0 left on base; Pittsburgh 1 - New York 4 |
TOP OF THE 6TH |
Pittsburgh Pirates batting - Pitching for New York Mets : RHP Nolan Ryan
|
Batting: LHB Greg Walker
|
0-0: Foul Ball, location: 2F 0-1: Called Strike 0-2: Ball 1-2: Fly out, F7 (Flyball, 78S, EV 76.9 MPH)
|
Batting: SHB John Shelby
|
0-0: Called Strike 0-1: Foul Ball, location: 2F 0-2: Ball 1-2: Strikes out swinging
|
Batting: SHB Ron Oester
|
0-0: Foul Ball, location: 2F 0-1: Ball 1-1: Fly out, F8 (Line Drive, 8LD, EV 109.4 MPH)
|
Top of the 6th over - 0 runs, 0 hits, 0 errors, 0 left on base; Pittsburgh 1 - New York 4 |
BOTTOM OF THE 6TH |
New York Mets batting - Pitching for Pittsburgh Pirates : RHP Rafael Santana
|
Pitching: RHP Scott Lyman
|
|
Now at SS: Alex Campos
|
|
Batting: RHB Garry Maddox
|
0-0: Ball 1-0: Foul Ball, location: 2F 1-1: Foul Ball, location: 2F 1-2: Ball 2-2: Foul Ball, location: 2F 2-2: Foul Ball, location: 2F 2-2: SOLO HOME RUN (Line Drive, 78XD, EV 95.0 MPH), Distance : 425 ft
|
Batting: RHB Rick Burleson
|
0-0: Called Strike 0-1: Ball 1-1: Reached on error, E6 (Groundball, 4MD, EV 96.3 MPH)
|
Batting: RHB Bill Almon
|
0-0: Called Strike 0-1: Sac Bunt to 3S - play at first, batter OUT! 3-4 Rick Burleson to third
|
Batting: LHB Terry Kennedy
|
0-0: SINGLE (Line Drive, 9LS, EV 95.0 MPH) Rick Burleson scores
|
Batting: RHB Nolan Ryan
|
0-0: Sac Bunt to P - play at first, batter OUT! 1-4 Terry Kennedy to second
|
Batting: LHB Lyman Bostock
|
0-0: Ball 1-0: Ball 2-0: Foul Ball, location: 2F 2-1: Fly out, F7 (Flyball, 78S, EV 96.3 MPH)
|
Bottom of the 6th over - 2 runs, 2 hits, 1 error, 1 left on base; Pittsburgh 1 - New York 6 |
TOP OF THE 7TH |
Pittsburgh Pirates batting - Pitching for New York Mets : RHP Nolan Ryan
|
Batting: LHB Alex Campos
|
0-0: Ball 1-0: Ball 2-0: Called Strike 2-1: Foul Ball, location: 2F 2-2: Ball 3-2: Base on Balls
|
Batting: RHB Frank Hunsaker
|
0-0: Called Strike 0-1: Ground out 3-1 (Groundball, 34S, EV 80.0 MPH) Alex Campos to second
|
Batting: RHB Dan Gladden
|
0-0: Ground out 4-3 (Groundball, 4, EV 79.4 MPH) Alex Campos to third
|
Batting: RHB Mike C Brown
|
0-0: TRIPLE (Flyball, 89XD, EV 103.1 MPH) Alex Campos scores
|
Batting: RHB Rennie Stennett
|
0-0: Ball 1-0: Ball 2-0: SINGLE (Line Drive, 89M, EV 101.9 MPH) Mike C Brown scores
|
Batting: LHB Robert Lopez
|
0-0: Ball Rennie Stennett steals 2nd base 1-0: Ball 2-0: Called Strike 2-1: 2-RUN HOME RUN (Flyball, 78XD, EV 96.9 MPH), Distance : 447 ft
|
Pitching: LHP William Scholl
|
|
Batting: LHB Greg Walker
|
0-0: Ball 1-0: Fly out, F2 (Popup, 2LF, EV 89.4 MPH)
|
Top of the 7th over - 4 runs, 3 hits, 0 errors, 0 left on base; Pittsburgh 5 - New York 6 |
BOTTOM OF THE 7TH |
New York Mets batting - Pitching for Pittsburgh Pirates : RHP Scott Lyman
|
Pitching: RHP Mark Lemongello
|
|
Batting: RHB Ray Knight
|
0-0: Foul Ball, location: 2F 0-1: Foul Ball, location: 2F 0-2: Foul Ball, location: 2F 0-2: Ball 1-2: Ground out 6-3 (Groundball, 6, EV 89.4 MPH)
|
Batting: LHB John Kruk
|
0-0: Ball 1-0: Ball 2-0: Fly out, F8 (Line Drive, 8LD, EV 108.1 MPH)
|
Batting: SHB Ken Singleton
|
0-0: Ball 1-0: Called Strike 1-1: Ball 2-1: Foul Ball, location: 2F 2-2: Fly out, F6 (Line Drive, 6, EV 75.0 MPH)
|
Bottom of the 7th over - 0 runs, 0 hits, 0 errors, 0 left on base; Pittsburgh 5 - New York 6 |
TOP OF THE 8TH |
Pittsburgh Pirates batting - Pitching for New York Mets : LHP William Scholl
|
Pitching: RHP Matt Adams
|
|
Now at 1B: Gary Redus
|
|
Batting: SHB John Shelby
|
0-0: Called Strike 0-1: Called Strike 0-2: Foul Ball, location: 2F 0-2: Ball 1-2: Ball 2-2: Foul Ball, location: 2F 2-2: Strikes out swinging
|
Pinch Hitting: LHB Terry Whitfield
|
0-0: Called Strike 0-1: Ball 1-1: SINGLE (Line Drive, 8RS, EV 92.5 MPH)
|
Batting: LHB Alex Campos
|
0-0: Ball 1-0: Ball 2-0: Ground out U3 (Groundball, 13, EV 78.1 MPH) Terry Whitfield to second
|
Batting: RHB Frank Hunsaker
|
0-0: DOUBLE (Groundball, 5L, EV 95.6 MPH) Terry Whitfield scores
|
Batting: RHB Dan Gladden
|
0-0: Foul Ball, location: 2F 0-1: Called Strike 0-2: Strikes out swinging
|
Top of the 8th over - 1 run, 2 hits, 0 errors, 1 left on base; Pittsburgh 6 - New York 6 |
BOTTOM OF THE 8TH |
New York Mets batting - Pitching for Pittsburgh Pirates : RHP Mark Lemongello
|
Pitching: RHP Mike Smithson
|
|
Batting: RHB Garry Maddox
|
0-0: Called Strike 0-1: Called Strike 0-2: Ball 1-2: Fly out, F8 (Line Drive, 8LD, EV 102.5 MPH)
|
Batting: RHB Rick Burleson
|
0-0: Called Strike 0-1: Ball 1-1: Ball 2-1: Ball 3-1: Base on Balls
|
Batting: RHB Bill Almon
|
0-0: Ball 1-0: Called Strike 1-1: Hit by Pitch Rick Burleson to second
|
Batting: LHB Terry Kennedy
|
0-0: Ball 1-0: SINGLE (Line Drive, 89S, EV 92.5 MPH) Rick Burleson to third Bill Almon to second Runner from 3rd tries for Home, SAFE, throw by CF to home
|
Batting: RHB Gary Redus
|
0-0: Ball 1-0: Ball Bill Almon is caught stealing 3rd base 2-5 2-0: Ball 3-0: Called Strike 3-1: Base on Balls Terry Kennedy to second
|
Batting: LHB Lyman Bostock
|
0-0: SINGLE (Line Drive, 8LS, EV 92.5 MPH) Terry Kennedy to third Gary Redus to second Runner from 3rd tries for Home, SAFE, throw by CF to home
|
Batting: RHB Ray Knight
|
0-0: Ball 1-0: Swinging Strike 1-1: Ball 2-1: Foul Ball, location: 2F 2-2: Fielders Choice at 2nd, 4-6 (Groundball, 4MD, EV 78.8 MPH)
|
Bottom of the 8th over - 2 runs, 2 hits, 0 errors, 2 left on base; Pittsburgh 6 - New York 8 |
TOP OF THE 9TH |
Pittsburgh Pirates batting - Pitching for New York Mets : RHP Matt Adams
|
Batting: RHB Mike C Brown
|
0-0: Ball 1-0: Ground out 5-3 (Groundball, 5S, EV 68.8 MPH)
|
Batting: RHB Rennie Stennett
|
0-0: Foul Ball, location: 2F 0-1: Ground out 6-3 (Groundball, 6, EV 106.3 MPH)
|
Batting: LHB Robert Lopez
|
0-0: Foul Ball, location: 2F 0-1: Ball 1-1: Called Strike 1-2: SINGLE (Groundball, 34D, EV 108.8 MPH)
|
Batting: LHB Greg Walker
|
0-0: Ball 1-0: Called Strike 1-1: Foul Ball, location: 2F 1-2: Foul Ball, location: 2F 1-2: Ball 2-2: SINGLE (Flyball, 8RS, EV 88.1 MPH) Robert Lopez to second
|
Pitching: RHP Andres Barahona
|
|
Pinch Hitting: SHB Chili Davis
|
0-0: Ball 1-0: Ball 2-0: Called Strike 2-1: Called Strike 2-2: Foul Ball, location: 2F 2-2: Ball 3-2: Strikes out looking
|
Top of the 9th over - 0 runs, 2 hits, 0 errors, 2 left on base; Pittsburgh 6 - New York 8 |
|